 Dungeon Crawl Stone Soup version 0.21.1-1-g345015fe64 (webtiles) character file.

496 raetorn the Sneak (level 7, -13/52 HPs)
             Began as a Vine Stalker Berserker on July 9, 2018.
             Was a Priest of Trog.
             Mangled by Edmund
             ... wielding a +2 flail of protection
              (15 damage)
             ... on level 4 of the Dungeon.
             The game lasted 00:04:55 (3223 turns).

raetorn the Sneak (Vine Stalker Berserker)          Turns: 3223, Time: 00:04:55

Health: -13/52     AC:  3    Str: 24    XL:     7   Next: 15%
Magic:  0/8        EV: 13    Int:  7    God:    Trog [***...]
Gold:   155        SH:  0    Dex: 16    Spells: 6/6 levels left

rFire    . . .     SeeInvis .   a - +0 short sword
rCold    . . .     Gourm    .   (no shield)
rNeg     . . .     Faith    .   i - +0 leather armour
rPois    .         Spirit   +   (no helmet)
rElec    .         Reflect  .   (no cloak)
rCorr    .         Harm     .   (no gloves)
MR       .....                  (no boots)
Stlth    ..........             (no amulet)
HPRegen  0.57/turn              g - +1 ring of evasion
MPRegen  0.11/turn              (no ring)

@: berserking, very quick
A: fangs 2, regeneration 1, magic shield, antimagic bite, no potion heal 3, rot
immunity
a: Berserk, Trog's Hand, Burn Spellbooks, Renounce Religion


You were on level 4 of the Dungeon.
You worshipped Trog.
Trog was most pleased with you.
You were not hungry.

You visited 1 branch of the dungeon, and saw 4 of its levels.

You collected 155 gold pieces.

Inventory:

Hand Weapons
 a - a +0 short sword (weapon)
Missiles
 h - 21 bolts
 q - 9 arrows
Armour
 i - a +0 leather armour (worn)
Jewellery
 g - a +1 ring of evasion (left hand)
Wands
 p - a wand of digging (21)
Scrolls
 d - 2 scrolls of fear {unknown}
 e - 5 scrolls of identify {unknown}
 f - 2 scrolls of enchant armour {unknown}
 j - 2 scrolls of fog {unknown}
 n - 2 scrolls of teleportation {unknown}
 o - a scroll of magic mapping {unknown}
 r - a scroll of noise {unknown}
Potions
 b - a potion of ambrosia {unknown}
 k - 2 potions of heal wounds {unknown}
 l - 2 potions of flight {unknown}
 m - a potion of cancellation {unknown}
Comestibles
 c - 6 rations
 s - 5 chunks of flesh


   Skills:
 - Level 2.6 Fighting
 + Level 5.4 Short Blades
 - Level 1.5 Armour
 - Level 1.5 Dodging
 + Level 6.5 Stealth


You had 6 spell levels left.
You didn't know any spells.

Dungeon Overview and Level Annotations

Branches:
Dungeon (4/15)
 Temple: D:4-7

Altars:

Annotations:
D:4 Edmund


Innate Abilities, Weirdness & Mutations

You have extremely sharp teeth.
Your natural rate of healing is unusually fast.
When hurt, damage is shared between your health and your magic reserves.
Your bite disrupts and absorbs the magic of your enemies.
Potions cannot restore your health.
You are immune to rotting.


Message History

You are too injured to fight recklessly!
You are too injured to fight recklessly!
A red film seems to cover your vision as you go berserk!
You feel yourself moving faster!
You feel mighty!
You feel quite a bit more hungry. Edmund barely misses you.
You closely miss Edmund. You bite Edmund! You drain his power.
You feel invigorated.
Edmund is heavily wounded.
Edmund hits you with a flail of protection!
* * * LOW HITPOINT WARNING * * *
You barely miss Edmund.
Edmund is heavily wounded.
Edmund hits you with a flail of protection.
* * * LOW HITPOINT WARNING * * *
You hit Edmund but do no damage.
Edmund is heavily wounded.
You hit Edmund.
Edmund is heavily wounded.
Edmund hits you with a flail of protection!
You die...

#.##.......#..
#.##.#####.#.# #.##.#
#.#.# #.##.# #.#.#
#.##.## #.#.#
.....>####'#.#
.....##......#
......#.....[#######.#
......#.........@@...#
......#......#########
.######....... .#
#......## .# #......#
.# #......# .#
####.... .# #.## .#


You could see Edmund (berserk).

Vanquished Creatures
  Sigmund (D:4)
  An ogre (D:3)
  2 orc priests (D:3)
  A worker ant (D:3)
  Jessica (D:3)
  2 adders (D:3)
  An ooze (D:2)
  4 worms (D:2)
  2 dart slugs (D:1)
  2 leopard geckos
  8 orcs
  A ball python (D:3)
  5 bats
  6 giant cockroaches
  4 goblins (D:2)
  13 hobgoblins
  8 jackals
  3 quokkas
  7 frilled lizards
  13 kobolds
  7 rats
92 creatures vanquished.

Notes
Turn   | Place    | Note
-------+----------+-------------------------------------------
     0 | D:1      | raetorn the Vine Stalker Berserker began the quest for the Orb.
     0 | D:1      | Reached XP level 1. HP: 11/11 MP: 2/2
    45 | D:1      | HP: 10/11 [bat (1)]
   115 | D:1      | HP: 10/11 [giant cockroach (1)]
   132 | D:1      | Reached skill level 1 in Stealth
   198 | D:1      | HP: 9/11 [kobold/stone (2)]
   259 | D:1      | HP: 6/11 [hobgoblin/club (3)]
   263 | D:1      | Reached XP level 2. HP: 8/16 MP: 1/3
   429 | D:1      | HP: 15/16 [giant cockroach (1)]
   463 | D:1      | HP: 13/16 [hobgoblin/club (3)]
   468 | D:1      | HP: 11/24 [bat (1)]
   471 | D:1      | Reached skill level 2 in Stealth
   728 | D:1      | HP: 15/16 [rat (1)]
   735 | D:1      | Reached XP level 3. HP: 18/19 MP: 4/4
   971 | D:2      | HP: 16/19 [goblin (3)]
   975 | D:2      | HP: 4/19 [worm (5)]
  1223 | D:2      | HP: 17/19 [hobgoblin/club (2)]
  1229 | D:2      | HP: 16/19 [worm (1)]
  1232 | D:2      | HP: 5/19 [worm (8)]
  1506 | D:2      | Reached ** piety under Trog
  1523 | D:2      | HP: 18/19 [bat (1)]
  1540 | D:2      | HP: 10/19 [worm (9)]
  1708 | D:2      | HP: 18/19 [jackal (1)]
  1717 | D:2      | HP: 16/19 [bat (1)]
  1751 | D:2      | HP: 16/19 [worm (2)]
  1857 | D:2      | Reached skill level 3 in Stealth
  1865 | D:2      | HP: 18/19 [ooze (1)]
  1878 | D:2      | HP: 13/19 [frilled lizard (1)]
  1920 | D:2      | HP: 9/19 [worm (6)]
  1924 | D:2      | Gained mutation: Your natural rate of healing is unusually fast. [Vine Stalker growth]
  1924 | D:2      | Reached XP level 4. HP: 16/23 MP: 2/5
  1983 | D:2      | HP: 22/23 [quokka (1)]
  2190 | D:2      | HP: 20/23 [orc (3)]
  2216 | D:2      | HP: 18/23 [worm (5)]
  2288 | D:3      | HP: 22/23 [kobold/short sword (1)]
  2293 | D:3      | Reached *** piety under Trog
  2333 | D:3      | HP: 19/23 [kobold (4)]
  2335 | D:3      | Noticed Jessica
  2351 | D:3      | HP: 22/23 [frilled lizard (1)]
  2365 | D:3      | HP: 18/23 [worker ant (5)]
  2370 | D:3      | Reached skill level 4 in Stealth
  2370 | D:3      | Reached XP level 5. HP: 20/27 MP: 4/6
  2371 | D:3      | HP: 20/40 [poisoned by a worker ant]
  2372 | D:3      | Noticed an ogre
  2377 | D:3      | HP: 20/40 [poisoned by a worker ant]
  2380 | D:3      | HP: 7/40 [ogre/giant club (4)]
  2381 | D:3      | Killed an ogre
  2386 | D:3      | HP: 11/27 [poisoned by a worker ant]
  2391 | D:3      | HP: 10/27 [poisoned by an adder]
  2395 | D:3      | HP: 4/27 [adder (2)]
  2396 | D:3      | Reached skill level 5 in Stealth
  2400 | D:3      | HP: 7/27 [poisoned by an adder]
  2405 | D:3      | HP: 11/27 [poisoned by an adder]
  2411 | D:3      | HP: 17/27 [poisoned by an adder]
  2418 | D:3      | HP: 26/27 [poisoned by an adder]
  2426 | D:3      | HP: 26/27 [poisoned by an adder]
  2443 | D:3      | Killed Jessica
  2443 | D:3      | Reached XP level 6. HP: 32/32 MP: 7/7
  2490 | D:3      | HP: 30/32 [kobold/stone (2)]
  2507 | D:3      | HP: 31/32 [goblin/club (1)]
  2511 | D:3      | HP: 10/32 [orc priest/divine providence (9)]
  2556 | D:3      | HP: 30/32 [rat (2)]
  2627 | D:3      | HP: 28/32 [kobold/short sword (4)]
  2697 | D:3      | HP: 30/32 [orc/morningstar (2)]
  2733 | D:3      | HP: 31/32 [adder (1)]
  2738 | D:3      | HP: 26/32 [poisoned by an adder]
  2743 | D:3      | HP: 26/32 [poisoned by an adder]
  2748 | D:3      | HP: 26/32 [poisoned by an adder]
  2756 | D:3      | HP: 28/32 [poisoned by an adder]
  2761 | D:3      | HP: 21/32 [orc priest/nerve-wracking pain (9)]
  2778 | D:3      | HP: 14/32 [orc priest/divine providence (14)]
  2786 | D:3      | HP: 12/32 [orc priest/divine providence (6)]
  2871 | D:3      | HP: 25/32 [orc priest/trident (7)]
  2940 | D:3      | HP: 30/32 [orc (2)]
  2945 | D:3      | HP: 29/32 [orc (2)]
  2950 | D:3      | HP: 22/32 [orc/short sword (1)]
  2959 | D:3      | HP: 18/32 [orc/club (4)]
  3048 | D:4      | Noticed Sigmund
  3056 | D:4      | Killed Sigmund
  3056 | D:4      | Reached skill level 5 in Short Blades
  3056 | D:4      | Reached skill level 6 in Stealth
  3056 | D:4      | Reached XP level 7. HP: 35/35 MP: 8/8
  3207 | D:4      | Noticed Edmund
  3212 | D:4      | HP: 30/35 [Edmund/flail of protection (5)]
  3217 | D:4      | HP: 19/35 [Edmund/flail of protection (9)]
  3218 | D:4      | HP: 4/35 [Edmund/flail of protection (16)]
  3221 | D:4      | HP: 1/52 [Edmund/flail of protection (1)]
  3223 | D:4      | Mangled by Edmund

Skill      XL: |  1  2  3  4  5  6 |
---------------+-------------------+-----
Stealth        | 1 2 3 4 5 6 |  6.5
Short Blades   | 3 4 5 |  5.4
Fighting       | |  2.6
Armour         | |  1.5
Dodging        | |  1.5

Action                   |  1- 3 |  4- 6 |  7- 9 || total
-------------------------+-------+-------+-------++-------
Melee: Short sword       |   123 |   161 |    23 ||   307
       Bite              |    38 |    58 |    11 ||   107
Invok: Berserk           |     3 |     2 |     1 ||     6
       Trog's Hand       |       |     2 |       ||     2
 Stab: Sleeping          |     6 |     4 |       ||    10
       Distracted        |       |     1 |       ||     1
  Eat: Chunk             |     2 |     5 |       ||     7
       Ration            |     1 |       |     1 ||     2
Armor: Animal skin       |     3 |       |       ||     3
       Leather armour    |    16 |    26 |     1 ||    43
Dodge: Dodged            |    66 |    91 |    11 ||   168
